 Dungeon Crawl Stone Soup version 0.28-a0-819-g6ef7baa362 (webtiles) character file.

Game seed: 12345029557955845260

34 avis the Chopper (level 3, 0/33 HPs)
             Began as a Hill Orc Monk on Nov 9, 2021.
             Succumbed to a scorpion's poison
             ... on level 2 of the Dungeon.
             The game lasted 00:06:15 (1720 turns).

avis the Chopper (Hill Orc Monk)                    Turns: 1720, Time: 00:06:16

Health: 0/33       AC:  5    Str: 14    XL:     3   Next: 31%
Magic:  3/3        EV: 11    Int: 10    God:
Gold:   78         SH:  0    Dex: 13    Spells: 2/2 levels left

rFire   . . .      SeeInvis .   a - +0 hand axe
rCold   . . .      Faith    .   (no shield)
rNeg    . . .      Spirit   .   l - +0 ring mail
rPois   .          Reflect  .   (no helmet)
rElec   .          Harm     .   (no cloak)
rCorr   .          Rampage  .   (no gloves)
Will    .....                   (no boots)
Stlth   +.........              (no amulet)
HPRegen 0.11/turn               (no ring)
MPRegen 0.08/turn               (no ring)

@: lethally poisoned (0 -> -8)
A: no striking features
a: no special abilities


You were on level 2 of the Dungeon.
You visited 1 branch of the dungeon, and saw 2 of its levels.

You collected 78 gold pieces.

Inventory:

Hand Weapons
 a - a +0 hand axe (weapon)
 b - a +2 dagger of venom
Missiles
 c - 70 stones (quivered)
 d - 19 bolts
 m - 24 sling bullets
Armour
 j - a +0 leather armour of positive energy
 l - a +0 ring mail (worn)
Scrolls
 f - a scroll of teleportation {unknown}
 g - a scroll of acquirement {unknown}
 i - 4 scrolls of identify {unknown}
 o - a scroll of blinking {unknown}
Potions
 e - a potion of curing {unknown}
 h - 3 potions of lignification {unknown}
 k - a potion of cancellation {unknown}
 n - a potion of heal wounds {unknown}


   Skills:
 + Level 4.2 Fighting
 * Level 5.2 Axes
 - Level 2.4 Dodging
 - Level 1.5 Stealth


You had 2 spell levels left.
You didn't know any spells.
Your spell library contained the following spells:

 Spells                   Type           Power      Damage    Failure   Level
 Animate Skeleton         Necr           0%         N/A       61%         1
 Apportation              Tloc           0%         N/A       61%         1
 Summon Small Mammal      Summ           0%         N/A       61%         1
 Ensorcelled Hibernation  Hex/Ice        0%         N/A       75%         2
 Spider Form              Tmut/Pois      0%         N/A       93%         3


Dungeon Overview and Level Annotations

Branches:
Dungeon (2/15)

Altars:

Shops:
D:1 ?


Message History

There is an open door here.
A scorpion comes into view.
You close the door.
You open the door.
There is an open door here.
The scorpion misses you. The scorpion barely misses you.
The scorpion closely misses you.
There is a stone staircase leading up here.
The scorpion stings you. The scorpion closely misses you.
The scorpion stings you. The scorpion barely misses you.
The scorpion closely misses you. The scorpion stings you!
The scorpion stings you! The scorpion barely misses you.
The scorpion barely misses you. The scorpion misses you.
The scorpion stings you but does no damage.
The scorpion stings you. The scorpion stings you.
You are poisoned.
The scorpion poisons you!
You feel very sick.
You feel sick.
You feel sick.
You feel sick.
You feel sick.
You feel sick.
The scorpion stings you but does no damage.
You feel sick.
You feel sick.
You are no longer poisoned.
The scorpion misses you. The scorpion stings you.
* * * LOW HITPOINT WARNING * * *
You are lethally poisoned!
The scorpion poisons you!
You die...

#.....##.......#
#.###.##.......#
#...#.##.......#
###...#.##.......#
#>....'...........
#.#...####........ #s###.#
########. #.# #.# ## #@#
#.####### # #.# #.##....# # #.#
#.##....# # #.###.##....######
#.................
##################.##....######
#..............###.##....# ###
##.##########...##.##....# #..
##.## #.........##.##....####.#


You could see a scorpion.

Vanquished Creatures
  An adder (D:2)
  2 dart slugs (D:1)
  4 endoplasms (D:1)
  2 giant cockroaches (D:1)
  A kobold (D:1)
  5 ball pythons (D:1)
  A bat (D:1)
  2 frilled lizards (D:2)
  2 goblins (D:1)
  3 rats (D:1)
23 creatures vanquished.

Notes
Turn   | Place    | Note
-------+----------+-------------------------------------------
     0 | D:1      | avis the Hill Orc Monk began the quest for the Orb.
     0 | D:1      | Reached XP level 1. HP: 19/19 MP: 1/1
   290 | D:1      | Found Ziboosir's Magic Scroll Shoppe.
   349 | D:1      | Reached XP level 2. HP: 23/27 MP: 2/2
   555 | D:1      | Found a faded altar of an unknown god.
   751 | D:1      | Reached skill level 5 in Axes
   901 | D:1      | Reached XP level 3. HP: 30/33 MP: 3/3
  1619 | D:2      | Noticed a scorpion
  1720 | D:2      | Succumbed to a scorpion's poison

Illustrated notes

Levels and vault maps discovered:
D:1:      dpeg_arrival_castle, layout_rooms, serial_shops, shop,
          shapermc_ecumenical_altar_notcrosses
D:2:      layout_basic, minmay_misc_feat_rows, uniq_natasha

Skill      XL: |  1  2 |
---------------+-------+-----
Fighting       | 4 |  4.2
Axes           | 5 |  5.2
Dodging        | |  2.4
Stealth        | |  1.5

Action                   || total
-------------------------++-------
Melee: Hand axe          ||    79
 Stab: Sleeping          ||     2
Armor: Robe              ||     4
       Leather armour    ||    11
       Ring mail         ||     2
Dodge: Dodged            ||    60

Table legend: (Time is in decaauts)
 A = Elapsed time spent in this place.
 B = Non-inter-level travel time spent in this place.
 C = Inter-level travel time spent in this place.
 D = Time resting spent in this place.
 E = Time spent auto-exploring this place.
 F = Levels seen in this place.
 G = Mean time per level.
                   A        B        C        D        E       F      G
               +--------+--------+--------+--------+--------+-----+--------+
         Total |   1731 |   1654 |     77 |    469 |    633 |   2 |  865.5 |
       Dungeon |   1731 |   1654 |     77 |    469 |    633 |   2 |  865.5 |
               +--------+--------+--------+--------+--------+-----+--------+

Top non-repeatable levels by time:
     D:1: 1015 daAuts
     D:2: 715 daAuts
